 Dungeon Sprint DCSS version 0.27-a0-1273-gec92ba881d (webtiles) character file.

Game seed: 12119606723372659342

4316 Hubris850 the Destroyer (level 10, -2/64 HPs)
             Began as a Gargoyle Earth Elementalist on June 11, 2021.
             Was a High Priest of Vehumet.
             Slain by a freezing wraith (20 damage)
             ... in the Dungeon (Sprint VII: "The Pits").
             The game lasted 00:14:16 (2020 turns).

Hubris850 the Destroyer (GrEE)                      Turns: 2020, Time: 00:14:16

Health: -2/64      AC: 11    Str: 15    XL:     10   Next: 33%
Magic:  15/24      EV: 14    Int: 19    God:    Vehumet [*****.]
Gold:   0          SH:  0    Dex: 10    Spells: 2/30 levels left

rFire    . . .     SeeInvis .   u - +0 lajatang
rCold    . . .     Faith    .   (shield currently unavailable)
rNeg     + . .     Spirit   .   c - +0 robe
rPois    ∞         Reflect  .   v - +0 hat
rElec    +         Harm     .   t - +0 cloak
rCorr    .         Rampage  .   (no gloves)
Will     .....     NoTele   +   s - +0 pair of boots
Stlth    ++........             (no amulet)
HPRegen  0.20/turn              o - +3 ring of evasion
MPRegen  0.19/turn              p - +3 ring of strength

@: no status effects
A: sickness immunity, AC +7, negative energy resistance 1, electricity
resistance, torment resistance 1, petrification resistance
a: Renounce Religion


You were in the Dungeon.
You worshipped Vehumet.
Vehumet was extremely pleased with you.
You visited 1 branch

Inventory:

Hand Weapons
 a - a +2 quarterstaff
 m - a +2 quarterstaff of protection
 u - a +0 lajatang (weapon)
Missiles
 b - 38 stones
 n - a curare-tipped dart
Armour
 c - a +0 robe (worn)
 s - a +0 pair of boots (worn)
 t - a +0 cloak (worn)
 v - a +0 hat (worn)
Jewellery
 o - a +3 ring of evasion (left hand)
 p - a +3 ring of strength (right hand)
Scrolls
 i - a scroll of blinking
 k - 5 scrolls of amnesia
 l - a scroll of summoning
Potions
 d - 7 potions of curing
 e - 10 potions of heal wounds
 f - 2 potions of haste
 g - 3 potions of magic
 h - 2 potions of berserk rage
 j - 2 potions of invisibility
 q - 2 potions of might
 r - a potion of resistance


   Skills:
 - Level 8.3 Fighting
 - Level 10.9 Staves
 - Level 1.5 Dodging
 - Level 2.1 Stealth
 - Level 10.6 Spellcasting
 - Level 13.8 Conjurations
 - Level 0.7 Transmutations
 - Level 5.0 Fire Magic
 + Level 1.2 Ice Magic
 - Level 10.8 Earth Magic


You had 2 spell levels left.
You knew the following spells:

 Your Spells              Type           Power      Damage    Failure   Level
a - Sandblast             Erth           100%       2d20      1%          1
b - Foxfire               Conj/Fire      100%       2x1d9     1%          1
c - Stone Arrow           Conj/Erth      100%       3d13      1%          3
d - Conjure Flame         Conj/Fire      45%        6-21      1%          3
e - Airstrike             Air            5%         N/A       17%         4
f - Iskenderun's Mystic   Conj/Tloc      36%        2d9       1%          4
g - Lee's Rapid Deconstr  Erth           25%        3d15*     1%          5
h - Ozocubu's Refrigerat  Ice            7%         4d6       100%        7

Your spell library contained the following spells:

 Spells                   Type           Power      Damage    Failure   Level
 Passwall                 Tmut/Erth      26%        N/A       1%          2
 Petrify                  Tmut/Erth      32%        N/A       6%          4


Dungeon Overview and Level Annotations

Branches:
Dungeon (1/1)

Altars:
Ashenzari
Cheibriados
Dithmenos
Elyvilon
Fedhas
Gozag
Hepliaklqana
Kikubaaqudgha
Makhleb
Nemelex Xobeh
Okawaru
Qazlal
Ru
Sif Muna
Trog
Uskayaw
Vehumet
Wu Jian
Xom
Yredelemnul
Zin
The Shining One
Beogh
Jiyva
Lugonu


Innate Abilities, Weirdness & Mutations

You are immune to sickness and miasma.
Your stone body is resilient. (AC +7)
You are immune to poison.
You resist negative energy. (rN+)
You are resistant to electric shocks. (rElec)
You are resistant to unholy torment.
You are immune to petrification.


Message History

You see here a +0 trident.
You closely miss the wight. The wight barely misses you.
You slash the wight!
The wight is severely damaged.
The wight hits you with a +3 scimitar of freezing.
The wight freezes you.
You closely miss the wight.
The wight is severely damaged.
The wight hits you with a +3 scimitar of freezing!
The wight freezes you.
You slash the wight!
You destroy the wight!
Vehumet accepts your kill.
Your Ice Magic skill increases to level 1!
Casting: Stone Arrow (safe; 1% risk of failure)
Confirm with . or Enter, or press ? or * to list all spells.
Aiming: Stone Arrow (safe; 1% risk of failure)
Press: ? - help, Shift-Dir - straight line, f - freezing wraith
Aim: a freezing wraith (78% to hit)
The stone arrow hits the freezing wraith!
The freezing wraith is moderately damaged.
Casting: Stone Arrow (safe; 1% risk of failure)
Confirm with . or Enter, or press ? or * to list all spells.
Aiming: Stone Arrow (safe; 1% risk of failure)
Press: ? - help, Shift-Dir - straight line, f/p - freezing wraith
Aim: a freezing wraith (moderately damaged, 78% to hit)
The stone arrow hits the freezing wraith!!
The freezing wraith is severely damaged.
The freezing wraith hits you but does no damage.
The freezing wraith closely misses you.
Casting: Stone Arrow (safe; 1% risk of failure)
Confirm with . or Enter, or press ? or * to list all spells.
Aiming: Stone Arrow (safe; 1% risk of failure)
Press: ? - help, Shift-Dir - straight line, f/p - freezing wraith
Aim: a freezing wraith (severely damaged, 78% to hit)
The stone arrow misses the freezing wraith.
The freezing wraith hits you!
* * * LOW HITPOINT WARNING * * *
The freezing wraith freezes you!!
You die...

....##.......†........#
###'#####'#####''######
....##.......##''##########
....##.......##......'..h..
#'####.......##......'..'.
....##...<...##.....##..##
....##.......##...###....###
....##.......##..##........##
######.......##'@#...#..#...#h
.#..###########..W..........'z
.#÷############++#...#..#...#.
.#)#....#..[[# ##........##
##)#....#....# ###....###
.#.'....'..))# ##..##
.#'#....#..).# '..+
.'.#....#.!))# '..+
############## ####


You could see a freezing wraith.

Vanquished Creatures
  Gastronok (D)
  An ugly thing (D)
  A smoke demon (D)
  A rime drake (D)
  An ice devil (D)
  A red devil (D)
  A fire bat (D)
  2 vampire mosquitoes (D)
  A floating eye (D)
  A sky beast (D)
  2 necrophages (D)
  A kobold brigand (D)
  6 wights (D)
  A quasit (D)
  A hound (D)
  An adder (D)
  A river rat (D)
  An ufetubus (D)
  A worm (D)
  2 bats (D)
  3 endoplasms (D)
  A giant cockroach (D)
  A hobgoblin (D)
  2 rats (D)
35 creatures vanquished.

Vanquished Creatures (others)
  17 foxfires (D)
17 creatures vanquished.

Grand Total: 52 creatures vanquished

Notes
Turn   | Place    | Note
-------+----------+-------------------------------------------
     0 | D        | Hubris850 the Gargoyle Earth Elementalist began the quest
                  | for the Orb.
     0 | D        | Reached XP level 1. HP: 10/10 MP: 3/3
    37 | D        | Found a glowing golden altar of the Shining One.
    37 | D        | Found a glowing silver altar of Zin.
    37 | D        | Found a basalt altar of Yredelemnul.
    37 | D        | Found a shimmering altar of Xom.
    37 | D        | Found an ornate altar of the Wu Jian Council.
    37 | D        | Found a bloodstained altar of Trog.
    37 | D        | Found a shimmering blue altar of Sif Muna.
    37 | D        | Found a sacrificial altar of Ru.
    37 | D        | Found a stormy altar of Qazlal.
    37 | D        | Found an iron altar of Okawaru.
    37 | D        | Found a sparkling altar of Nemelex Xobeh.
    37 | D        | Found a burning altar of Makhleb.
    37 | D        | Found a viscous altar of Jiyva.
    37 | D        | Found a hazy altar of Hepliaklqana.
    37 | D        | Found an opulent altar of Gozag.
    37 | D        | Found a blossoming altar of Fedhas.
    37 | D        | Found a white marble altar of Elyvilon.
    37 | D        | Found a shadowy altar of Dithmenos.
    37 | D        | Found a snail-covered altar of Cheibriados.
    38 | D        | Found a radiant altar of Vehumet.
    38 | D        | Found a corrupted altar of Lugonu.
    39 | D        | Found an ancient bone altar of Kikubaaqudgha.
    39 | D        | Found a hide-covered altar of Uskayaw.
    39 | D        | Found a broken altar of Ashenzari.
    46 | D        | Became a worshipper of Vehumet
    66 | D        | Reached XP level 2. HP: 15/15 MP: 6/6
   169 | D        | Reached * piety under Vehumet
   169 | D        | Offered knowledge of Foxfire by Vehumet.
   170 | D        | Reached skill level 5 in Earth Magic
   174 | D        | Learned a level 1 spell: Foxfire
   239 | D        | Reached skill level 2 in Conjurations
   248 | D        | Offered knowledge of Freeze by Vehumet.
   248 | D        | Reached ** piety under Vehumet
   249 | D        | Reached skill level 3 in Conjurations
   249 | D        | Reached XP level 3. HP: 6/19 MP: 3/8
   486 | D        | Learned a level 3 spell: Stone Arrow
   490 | D        | Noticed a floating eye
   494 | D        | Killed a floating eye
   495 | D        | Reached skill level 5 in Spellcasting
   495 | D        | Reached skill level 7 in Conjurations
   495 | D        | Reached XP level 4. HP: 24/24 MP: 8/11
   495 | D        | Reached XP level 5. HP: 28/28 MP: 9/13
   568 | D        | Offered knowledge of Conjure Flame by Vehumet.
   569 | D        | Reached skill level 8 in Conjurations
   569 | D        | Reached skill level 1 in Fire Magic
   593 | D        | Reached skill level 9 in Conjurations
   597 | D        | Learned a level 3 spell: Conjure Flame
   770 | D        | Noticed a kobold brigand
   774 | D        | Reached *** piety under Vehumet
   775 | D        | Reached XP level 6. HP: 32/32 MP: 10/15
   823 | D        | Reached skill level 10 in Conjurations
   823 | D        | Offered knowledge of Airstrike by Vehumet.
   841 | D        | Learned a level 4 spell: Airstrike
  1042 | D        | Noticed a sky beast
  1053 | D        | Killed a sky beast
  1053 | D        | Reached **** piety under Vehumet
  1053 | D        | Offered knowledge of Iskenderun's Mystic Blast by Vehumet.
  1054 | D        | Reached skill level 11 in Conjurations
  1054 | D        | Reached skill level 5 in Fire Magic
  1060 | D        | Learned a level 4 spell: Iskenderun's Mystic Blast
  1083 | D        | Noticed a necrophage
  1085 | D        | Killed a necrophage
  1086 | D        | Reached skill level 1 in Staves
  1086 | D        | Reached XP level 7. HP: 40/40 MP: 11/18
  1129 | D        | Noticed a rime drake
  1131 | D        | Killed a rime drake
  1132 | D        | Reached skill level 5 in Staves
  1187 | D        | Reached ***** piety under Vehumet
  1187 | D        | Offered knowledge of Irradiate by Vehumet.
  1190 | D        | Reached XP level 8. HP: 52/52 MP: 5/19
  1426 | D        | Learned a level 5 spell: Lee's Rapid Deconstruction
  1534 | D        | Noticed a brown ugly thing
  1534 | D        | Noticed an ice devil
  1545 | D        | Killed a brown ugly thing
  1547 | D        | Killed an ice devil
  1548 | D        | Reached skill level 12 in Conjurations
  1548 | D        | Reached XP level 9. HP: 20/59 MP: 11/21
  1762 | D        | Noticed a red devil
  1765 | D        | Killed a red devil
  1819 | D        | Noticed Gastronok
  1834 | D        | Offered knowledge of Ozocubu's Refrigeration by Vehumet.
  1857 | D        | Killed Gastronok
  1858 | D        | Reached skill level 10 in Staves
  1858 | D        | Reached skill level 10 in Spellcasting
  1858 | D        | Reached skill level 13 in Conjurations
  1858 | D        | Reached skill level 10 in Earth Magic
  1858 | D        | Reached XP level 10. HP: 46/64 MP: 12/24
  1875 | D        | Noticed a smoke demon
  1879 | D        | Killed a smoke demon
  1984 | D        | Learned a level 7 spell: Ozocubu's Refrigeration
  2018 | D        | Reached skill level 1 in Ice Magic
  2020 | D        | Slain by a freezing wraith

Illustrated notes

Levels and vault maps discovered:
D:        pitsprint [storerooms_1, entrance_room_1, metal_vault_4, armoury_2,
          mini_pit_1, grid_room_1, main_hall_1, silver_pit, the_coven_1,
          the_vestibule_1, steel_vault_5, golden_pit, hallway_of_sentries,
          crystal_vault_5, iron_vault_4, final_vault]

Skill      XL: |  1  2  3  4  5  6  7  8  9 10 |
---------------+-------------------------------+-----
Spellcasting   | 3 4 5 6 7 8 10 | 10.6
Earth Magic    | 4 5 7 10 | 10.8
Conjurations   | 3 7 9 11 12 13 | 13.8
Fire Magic     | 3 5 |  5.0
Fighting       | 2 6 8 |  8.3
Staves         | 1 6 8 10 | 10.9
Ice Magic      | 1 |  1.2
Dodging        | |  1.5
Stealth        | |  2.1
Transmutations | |  0.7

Action                   |  1- 3 |  4- 6 |  7- 9 | 10-12 || total
-------------------------+-------+-------+-------+-------++-------
Melee: Quarterstaff      |    14 |    34 |     1 |       ||    49
       Lajatang          |       |       |     3 |     4 ||     7
 Cast: Sandblast         |     2 |       |       |       ||     2
       Foxfire           |     7 |     5 |       |       ||    12
       Stone Arrow       |       |     7 |    29 |     7 ||    43
       Iskenderun's Myst |       |       |     6 |       ||     6
  Use: Potion            |     1 |       |     1 |       ||     2
 Stab: Sleeping          |     2 |       |       |       ||     2
Armor: Robe              |       |    12 |     7 |     2 ||    21
Dodge: Dodged            |     7 |    24 |     6 |     3 ||    40

Table legend: (Time is in decaauts)
 A = Elapsed time spent in this place.
 B = Non-inter-level travel time spent in this place.
 C = Inter-level travel time spent in this place.
 D = Time resting spent in this place.
 E = Time spent auto-exploring this place.
 F = Levels seen in this place.
 G = Mean time per level.
                   A        B        C        D        E       F      G
               +--------+--------+--------+--------+--------+-----+--------+
         Total |   2055 |   2055 |      0 |   1426 |      0 |   1 | 2055.0 |
       Dungeon |   2055 |   2055 |      0 |   1426 |      0 |   1 | 2055.0 |
               +--------+--------+--------+--------+--------+-----+--------+

Top non-repeatable levels by time:
       D: 2055 daAuts
